 Dungeon Crawl Stone Soup version 0.29.0-4-gdea44cf6ec (webtiles) character file.

Game seed: 15277434096001002396

70 qw the Chopper (level 4, 0/28 HPs)
             Began as a Gargoyle Fighter on Sept 9, 2022.
             Slain by a gnoll
             ... wielding a +1 spear of venom
              (1 damage)
             ... on level 2 of the Dungeon.
             The game lasted 00:00:33 (1380 turns).

qw the Chopper (Gargoyle Fighter)                   Turns: 1380, Time: 00:00:33

Health: 0/28       AC: 12    Str: 21    XL:     4   Next: 21%
Magic:  4/4        EV:  9    Int:  9    God:
Gold:   86         SH:  4    Dex:  9    Spells: 3/3 levels left

rFire   . . .      SeeInvis .   a - +0 war axe
rCold   . . .      Faith    .   c - +0 buckler
rNeg    + . .      Spirit   .   b - +0 scale mail
rPois   inf        Reflect  .   h - +0 helmet
rElec   +          Harm     .   (no cloak)
rCorr   .          Rampage  .   g - +0 pair of gloves
Will    .....                   (no boots)
Stlth   ..........              (no amulet)
HPRegen 0.09/turn               (no ring)
MPRegen 0.09/turn               (no ring)

@: no status effects
A: sickness immunity, AC +3, negative energy resistance 1, electricity
resistance, torment resistance 1, petrification resistance
a: no special abilities


You were on level 2 of the Dungeon.
You visited 1 branch of the dungeon, and saw 2 of its levels.

You collected 86 gold pieces.


Innate Abilities, Weirdness & Mutations

You are immune to sickness and miasma.
Your stone body is resilient. (AC +3)
You are immune to poison.
You resist negative energy. (rN+)
You are resistant to electric shocks. (rElec)
You are resistant to unholy torment.
You are immune to petrification.


   Skills:
 - Level 3.2 Fighting
 + Level 4.0 Axes
 - Level 3.2 Armour
 - Level 3.2 Shields


You had 3 spell levels left.
You didn't know any spells.
Your spell library was empty.

Inventory:

Hand Weapons
 a - a +0 war axe (weapon)
 k - a +0 club
Armour
 b - a +0 scale mail (worn)
 c - a +0 buckler (worn)
 g - a +0 pair of gloves (worn)
 h - a +0 helmet (worn)
Jewellery
 j - a ring of ice
Scrolls
 m - a scroll of identify {unknown}
 o - a scroll of torment {unknown}
Potions
 d - a potion of might
 e - a potion of attraction
 f - a potion of haste {unknown}
 i - 3 potions of lignification {unknown}
 l - a potion of curing {unknown}
 n - a potion of flight {unknown}

Dungeon Overview and Level Annotations

Branches:
Dungeon (2/15)

Altars:
Ru


Message History

The gnoll is severely wounded.
You block the gnoll's attack.
You slash the gnoll!
You kill the gnoll!
You have reached level 4!
You feel clever.
You closely miss the gnoll. The gnoll hits you with a +0 club.
The gnoll barely misses you.
The gnoll hits you from afar with a +1 spear of venom.
The gnoll barely misses you.
You hit the gnoll.
The gnoll is heavily wounded.
The gnoll hits you but does no damage.
The gnoll hits you from afar with a +1 spear of venom.
You closely miss the gnoll.
The gnoll is heavily wounded.
The gnoll completely misses you. The gnoll barely misses you.
You barely miss the gnoll.
The gnoll is heavily wounded.
The gnoll hits you with a +0 club. The gnoll closely misses you.
You closely miss the gnoll.
The gnoll is heavily wounded.
The gnoll hits you with a +0 club.
The gnoll hits you from afar with a +1 spear of venom.
You block the gnoll's attack. The gnoll hits you but does no damage.
You slash the gnoll!
You kill the gnoll!
The gnoll barely misses you.
Your Axes skill increases to level 4!
The gnoll hits you but does no damage.
Items here: %% )).
You closely miss the gnoll. The gnoll hits you but does no damage.
You closely miss the gnoll. You block the gnoll's attack.
The gnoll hits you with a +1 spear of venom.
You hit the gnoll but do no damage. You block the gnoll's attack.
You closely miss the gnoll.
The gnoll hits you with a +1 spear of venom.
You die...

.# #.# .######.#
........#
.######.#
.######.#####...
..............#
#######.#######
#.#############...
#.........@ggS....
##################


You could see 2 gnolls and a ball python.

Vanquished Creatures
  Terence (D:2)
  2 gnolls (D:2)
  2 endoplasms (D:1)
  2 giant cockroaches (D:1)
  3 hobgoblins
  3 jackals (D:1)
  3 bats
  2 frilled lizards (D:1)
  3 goblins (D:1)
  A kobold (D:1)
  3 rats
25 creatures vanquished.

Notes
Turn   | Place    | Note
-------+----------+-------------------------------------------
     0 | D:1      | qw the Gargoyle Fighter began the quest for the Orb.
     0 | D:1      | Reached XP level 1. HP: 14/14 MP: 1/1
     0 | D:1      | 0 ||| qw: Version: 0.1-a-113-g051387a
     0 | D:1      | 0 ||| qw: Game counter: 6980
     0 | D:1      | 0 ||| qw: Always use a shield: true
     0 | D:1      | 0 ||| qw: God list: Okawaru
     0 | D:1      | 0 ||| qw: Allow faded altars: false
     0 | D:1      | 0 ||| qw: Do Orc after D:15 true
     0 | D:1      | 0 ||| qw: Do second Lair branch before Depths: true
     0 | D:1      | 0 ||| qw: Lair rune preference: random
     0 | D:1      | 0 ||| qw: Plans: Normal, Zot, God:TSO, Crypt, Tomb, Zig,
                  | Orb
     0 | D:1      | 0 ||| PLANNING D:1-11
     1 | D:1      | Found a sacrificial altar of Ru.
    99 | D:1      | Reached skill level 2 in Axes
   312 | D:1      | Reached XP level 2. HP: 17/19 MP: 2/2
   749 | D:1      | Found a faded altar of an unknown god.
  1159 | D:1      | 1159 ||| UPGRADING to +0 pair of gloves.
  1164 | D:1      | 1164 ||| UPGRADING to +0 helmet.
  1176 | D:1      | 1176 ||| DRINKING 2 fizzy grey potions.
  1213 | D:2      | Reached skill level 3 in Axes
  1296 | D:2      | Reached XP level 3. HP: 23/23 MP: 3/3
  1308 | D:2      | Noticed Terence
  1318 | D:2      | Killed Terence
  1370 | D:2      | Reached XP level 4. HP: 28/28 MP: 4/4
  1374 | D:2      | HP: 6/28 [gnoll/+1 spear of venom (5)]
  1376 | D:2      | Reached skill level 4 in Axes
  1378 | D:2      | HP: 1/28 [gnoll/+1 spear of venom (6)]
  1380 | D:2      | Slain by a gnoll

Levels and vault maps discovered:
D:1:      sevenhm_arrival_forest_fort_small_6, layout_basic,
          shapermc_ecumenical_altar_acropolis, minmay_splitting_lines,
          chequers_serial_rivers_small_b, minivault_27, kennysheep_minor_cross
D:2:      layout_loops_ring, uniq_sigmund, uniq_terence

Skill      XL: |  1  2  3  4 |
---------------+-------------+-----
Axes           | 2 3 4 |  4.0
Fighting       | |  3.2
Armour         | |  3.2
Shields        | |  3.2

Action                   |  1- 3 |  4- 6 || total
-------------------------+-------+-------++-------
Melee: War axe           |    73 |    10 ||    83
  Use: Potion            |     1 |       ||     1
Armor: Scale mail        |    40 |     4 ||    44
Dodge: Dodged            |    32 |     6 ||    38
Block: Buckler           |    15 |     3 ||    18

Table legend:
 A = Non-vault XP
 B = Vault XP
 C = Vault XP percentage of total XP
 D = Non-vault monster count
 E = Vault monster count
 F = Vault count percentage of total count
                 A         B        C        D         E       F
            +---------+---------+-------+---------+---------+-------
      Total |      64 |      36 |  36.0 |      24 |       1 |   4.0
            +---------+---------+-------+---------+---------+-------
        D:1 |      27 |       0 |   0.0 |      17 |       0 |   0.0
        D:2 |      37 |      36 |  49.3 |       7 |       1 |  12.5
            +---------+---------+-------+---------+---------+-------
